AoeStats
← low cortisol gaming

Arena

506789742Analyzed
1v1 RM · 18d ago on Sep 15, 2026· 59m 19s· 2 players
Game mode
Random Map
Map size
Tiny (2 player)
Population
200
Speed
Normal
Resources
Standard
Victory
Conquest
Starting age
Dark Age
Ending age
Imperial Age
RankedLock teamsTeams togetherTeam positionsShared explorationLock speedFull tech treeHidden civsTurbo modeCheats
Victory
Defeat
🇺🇸 Burgundians · United States
772
+17
🇦🇷 Burgundians · Argentina
789
-43
LudwigNeverMises
4:52 Double-Bit Axe
11:57 Feudal Age
17:44 Castle Age
15:28 Horse Collar
17:53 Cavalier
19:36 Gold Mining
27:36 Heavy Plow
30:12 Crop Rotation
29:51 Stone Mining
30:37 Gold Shaft Mining
33:49 Imperial Age
32:05 Wheelbarrow
31:15 Town Watch
31:16 Loom
34:28 Hand Cart
34:14 Town Patrol
35:57 Chemistry
35:18 Ballistics
34:40 Treadmill Crane
35:10 Fortified Wall
37:40 Onager
38:39 Elite Skirmisher
38:43 Paladin
39:24 Husbandry
38:53 Capped Ram
40:39 Bombard Tower
42:24 Guilds
42:57 Scale Barding Armor
42:53 Scale Mail Armor
43:03 Forging
42:44 Fletching
42:55 Padded Archer Armor
43:32 Stone Shaft Mining
43:08 Pikeman
43:49 Squires
43:34 Arson
43:51 Halberdier
low cortisol gaming
8:16 Horse Collar
11:47 Feudal Age
12:25 Double-Bit Axe
12:39 Stone Mining
12:40 Gold Mining
21:06 Castle Age
21:25 Light Cavalry
22:06 Husbandry
26:53 Wheelbarrow
26:04 Town Watch
27:50 Burgundian Vineyards
30:57 Bow Saw
34:18 Imperial Age
32:53 Murder Holes
34:27 Scale Mail Armor
34:37 Forging
34:32 Scale Barding Armor
34:19 Fletching
34:50 Arson
37:47 Iron Casting
37:27 Chain Mail Armor
37:46 Heavy Plow
42:37 Hoardings
43:08 Block Printing
42:55 Atonement
43:08 Fervor
45:27 Ballistics
45:54 Hand Cart
45:44 Town Patrol
46:01 Hand Cart
50:00 Chemistry
49:12 Fortified Wall
54:16 Elite Coustillier
Connection lost

Rejoining the realm…

Still unreachable

The connection could not be restored.

Session expired

The server has moved on; the page needs a fresh start.